Map: Automaton LE

Players

Future - Winner!

  • Race: Terran Terran
  • League: Grandmaster
  • Spawn Location: 9:00

puCK (Nina)

  • Race: Protoss Protoss
  • League: Grandmaster
  • Spawn Location: 3:00

Event: Cheeseadelphia 8

VOD

Have the link to the VOD?

Description

Time

  • Played on: Dec. 9, 2018, 6:18 p.m.
  • Length: 11:00

All games in this series

Show
View Real Time Build Order
Export as new Build Order

Future Terran - Winner!

Build Orders: Gas First Reaper Expand, Liberator Opening 

Get SALT Encoding   

  12  0:00  SCV  
  13  0:13  SCV  
  14  0:18  Supply Depot  
  14  0:25  SCV  
  15  0:29  Refinery  
  15  0:39  SCV  
  16  0:45  Barracks  
  16  0:51  SCV  
  17  1:03  SCV  
  18  1:16  SCV  
  19  1:35  Reaper, Orbital Command  
  20  1:48  Command Center  
  20  2:00  SCV  
  21  2:03  Factory  
  21  2:07  Barracks Reactor  
  21  2:12  SCV  
  22  2:16  Refinery  
  22  2:20  Supply Depot  
  22  2:25  SCV  
  23  2:42  SCV  
  24  2:49  Starport  
  24  2:53  Hellion x2  
  24  2:54  SCV  
  29  3:04  Orbital Command  
  29  3:06  SCV  
  29  3:09  Liberator  
  30  3:15  Hellion  
  30  3:17  Hellion  
  34  3:24  SCV  
  38  3:30  SCV  
  39  3:36  SCV  
  40  3:42  SCV  
  40  3:48  Supply Depot, SCV  
  40  3:53  Factory Tech Lab, Marine x2  
  40  3:55  SCV  
  43  4:00  SCV  
  44  4:06  Bunker  
  44  4:07  SCV  
  45  4:11  Supply Depot, Marine x2  
  45  4:12  SCV  
  45  4:13  Siege Tank  
  51  4:19  SCV  
  51  4:21  Viking  
  54  4:33  Marine x2, SCV  
  54  4:35  Liberator  
  54  4:38  SCV  
  53  4:45  SCV, Siege Tank  
  55  4:50  Marine x2, SCV  
  55  4:51  Supply Depot  
  58  4:57  SCV  
  62  5:03  Command Center  
  62  5:11  Refinery  
  62  5:12  Refinery, Marine x2  
  62  5:13  Supply Depot, SCV x2  
  66  5:23  Siege Tank  
  66  5:25  SCV  
  66  5:27  Supply Depot  
  70  5:35  SCV  
  71  5:40  Barracks  
  71  5:41  Barracks  
  71  5:45  SCV  
  71  5:48  Barracks Tech Lab  
  71  5:49  Engineering Bay  
  72  5:50  Engineering Bay  
  72  6:01  SCV  
  72  6:03  Barracks x2  
  73  6:05  Factory Reactor  
  73  6:07  SCV  
  73  6:08  Marine  
  73  6:09  Stimpack  
  75  6:16  Orbital Command  
  75  6:18  Terran Infantry Armor Level 1, Terran Infantry Weapons Level 1  
  75  6:20  SCV x2  
  74  6:32  Starport Reactor, SCV x2  
  76  6:38  Missile Turret  
  76  6:41  Missile Turret, Combat Shield  
  76  6:42  Missile Turret  
  76  6:44  SCV x2  
  76  6:45  Marine x2, Marauder x2  
  79  6:56  SCV x2, Barracks Tech Lab  
  79  6:57  Barracks Reactor  
  81  7:06  Marauder x2  
  81  7:07  Marine x2, Orbital Command  
  86  7:08  SCV  
  86  7:13  SCV  
  85  7:15  Supply Depot  
  85  7:16  Supply Depot  
  85  7:17  Marauder  
  85  7:18  Medivac, Orbital Command  
  85  7:20  SCV  
  85  7:21  Medivac  
  92  7:25  SCV  
  93  7:31  Concussive Shells  
  93  7:33  Armory, SCV  
  94  7:37  SCV  
  94  7:40  Supply Depot  
  94  7:43  Supply Depot  
  95  7:44  SCV  
  95  7:45  SCV  
  95  7:49  Marauder, SCV  
  100  7:51  Medivac  
  100  7:52  Medivac  
  100  7:56  SCV  
  100  7:57  SCV  
  106  7:59  Marauder x2  
  106  8:02  Marine x3  
  113  8:09  Supply Depot x2  
  113  8:10  SCV  
  114  8:13  Missile Turret  
  114  8:14  Marauder  
  114  8:18  Marine  
  114  8:19  Marine  
  117  8:21  Medivac  
  117  8:22  Medivac  
  117  8:24  Widow Mine x2  
  117  8:26  SCV x3  
  128  8:27  Marine  
  129  8:36  Missile Turret  
  129  8:37  Terran Infantry Weapons Level 2, Terran Infantry Armor Level 2  
  129  8:44  Marauder x3  
  129  8:46  Marine x4  
  139  8:54  Refinery  
  139  8:57  Supply Depot, SCV  
  139  8:58  Supply Depot, SCV x2  
  139  9:00  Medivac x2  
  146  9:06  Marauder  
  148  9:14  Supply Depot  
  148  9:15  Supply Depot  
  148  9:19  Marine x3, Marauder x2, Widow Mine x2  
  148  9:20  Marine  
  159  9:29  Marauder  
  161  9:33  Supply Depot x2  
  161  9:40  Marine, Marauder  
  157  9:46  Marine  
  157  9:47  Marine x2, Marauder  
  157  9:50  Marauder  
  151  9:58  Marine  
  146  10:02  Medivac, Marauder  
  146  10:04  Marine  
  146  10:05  Marine x2  
  147  10:08  Marauder  
  147  10:11  Marauder  
  147  10:12  Command Center  
  148  10:16  Marine  
  152  10:22  Marine  
  152  10:23  Marine x2, Marauder  
  152  10:26  Refinery  
  157  10:30  Marauder  
  157  10:33  Marine, Marauder  
  165  10:40  Marine x2  
  165  10:41  Barracks  
  165  10:42  Barracks x2  
Show
View Real Time Build Order
Export as new Build Order

puCK Protoss 

Build Orders: 1 Gate Expand 

Get SALT Encoding   

  12  0:00  Probe  
  13  0:12  Probe  
  14  0:18  Pylon  
  14  0:24  Probe  
  15  0:33  Probe  
  15  0:39  Gateway  
  15  0:41  Probe  
  16  0:49  Assimilator  
  17  0:51  Probe  
  18  1:03  Probe  
  19  1:15  Probe  
  20  1:28  Cybernetics Core  
  20  1:35  Probe  
  21  1:43  Nexus  
  22  1:47  Probe  
  22  1:52  Pylon  
  22  1:59  Probe  
  22  2:01  Adept  
  23  2:02  Assimilator  
  23  2:10  Warp Gate  
  23  2:12  Probe  
  26  2:24  Probe  
  26  2:29  Stalker  
  29  2:36  Probe  
  30  2:37  Pylon  
  30  2:48  Probe  
  30  2:51  Stalker  
  31  3:00  Probe  
  31  3:04  Probe  
  35  3:07  Robotics Facility  
  36  3:12  Probe  
  36  3:16  Probe  
  37  3:25  Probe  
  38  3:30  Gateway  
  38  3:33  Probe  
  39  3:34  Assimilator  
  39  3:37  Probe  
  40  3:45  Immortal, Probe  
  41  3:52  Probe  
  44  3:58  Probe  
  45  4:02  Shield Battery  
  45  4:04  Probe  
  44  4:10  Probe  
  44  4:13  Stalker  
  44  4:14  Pylon  
  44  4:17  Probe  
  48  4:22  Probe  
  48  4:23  Robotics Bay  
  49  4:30  Probe  
  45  4:38  Stalker x2  
  37  4:46  Probe  
  37  4:51  Probe  
  38  4:55  Probe  
  40  5:00  Warp Prism  
  41  5:09  Probe  
  41  5:13  Probe  
  43  5:20  Gravitic Drive  
  44  5:21  Probe x2  
  46  5:29  Probe  
  46  5:34  Probe  
  48  5:37  Disruptor  
  48  5:40  Probe  
  52  5:46  Probe  
  52  5:47  Pylon  
  53  5:52  Probe  
  54  5:57  Stalker  
  54  5:58  Probe  
  56  6:04  Probe  
  56  6:06  Stalker  
  56  6:10  Probe  
  58  6:16  Probe  
  59  6:24  Probe, Disruptor  
  59  6:25  Probe  
  61  6:34  Probe, Pylon  
  61  6:36  Probe  
  61  6:39  Zealot  
  68  6:43  Probe  
  65  6:54  Probe  
  65  6:55  Stalker  
  65  6:56  Warp Prism  
  65  6:57  Probe  
  70  7:04  Robotics Facility  
  70  7:10  Probe  
  70  7:15  Probe  
  70  7:24  Twilight Council  
  70  7:26  Probe  
  70  7:28  Pylon  
  71  7:30  Disruptor  
  71  7:32  Nexus  
  74  7:41  Stalker x2  
  78  7:47  Assimilator  
  78  7:53  Pylon  
  78  7:54  Disruptor  
  82  7:58  Probe x2  
  83  8:09  Nexus  
  83  8:11  Probe  
  84  8:13  Probe  
  85  8:24  Stalker x2, Probe  
  85  8:25  Probe  
  91  8:31  Pylon  
  91  8:33  Disruptor  
  94  8:42  Pylon  
  94  8:43  Probe x2  
  94  8:44  Pylon  
  94  8:46  Pylon  
  96  8:51  Probe  
  97  8:55  Probe x2  
  97  9:02  Zealot  
  104  9:03  Probe  
  104  9:08  Disruptor  
  105  9:11  Probe  
  105  9:13  Pylon  
  105  9:15  Probe  
  105  9:16  Pylon  
  107  9:20  Disruptor  
  110  9:27  Probe  
  109  9:33  Zealot x2  
  113  9:39  Probe  
  113  9:44  Disruptor  
  113  9:51  Probe  
  95  9:56  Probe  
  78  10:04  Disruptor  
  78  10:05  Probe  
  78  10:06  Probe x2, Zealot x2  
  64  10:27  Zealot x2  
  65  10:31  Probe  
  63  10:36  Probe  
  63  10:39  Gateway  
  63  10:43  Gateway  
  63  10:45  Gateway  
Tags
 
Add a new tag
Caveats
  • Supply blocks, unpowered buildings, or Contaminate may cause inaccurate times.
  • Supply counts are checked every 10 seconds.